 Dungeon Crawl Stone Soup version 0.28.0-47-ge53b351184 (webtiles) character file.

Game seed: 4950131814303165076

68 boopmooplesden the Slasher (level 4, 0/41 HPs)
             Began as a Minotaur Berserker on Apr 26, 2022.
             Was a Believer of Trog.
             Succumbed to a goblin's poison
             ... on level 2 of the Dungeon.
             The game lasted 00:01:24 (939 turns).

boopmooplesden the Slasher (Minotaur Berserker)      Turns: 939, Time: 00:01:25

Health: 0/41       AC:  6    Str: 22    XL:     4   Next: 1%
Magic:  3/3        EV: 10    Int:  4    God:    Trog [**....]
Gold:   49         SH:  0    Dex: 11    Spells: 3/3 levels left

rFire   . . .      SeeInvis .   a - +0 falchion
rCold   . . .      Faith    .   (no shield)
rNeg    . . .      Spirit   .   f - +0 scale mail
rPois   .          Reflect  .   (helmet restricted)
rElec   .          Harm     .   (no cloak)
rCorr   .          Rampage  .   (no gloves)
Will    .....                   (no boots)
Stlth   ..........              (no amulet)
HPRegen 0.13/turn               (no ring)
MPRegen 0.08/turn               (no ring)

@: lethally poisoned (0 -> -8), on berserk cooldown, slowed, very slow
A: horns 2, retaliatory headbutt
a: Renounce Religion, Berserk, Trog's Hand


You were on level 2 of the Dungeon.
You worshipped Trog.
Trog was pleased with you.
You visited 1 branch of the dungeon, and saw 2 of its levels.

You collected 49 gold pieces.

Inventory:

Hand Weapons
 a - a +0 falchion (weapon)
Armour
 f - a +0 scale mail (worn)
Jewellery
 d - a ring of magical power
Scrolls
 e - a scroll of enchant weapon {unknown}
Potions
 c - a potion of brilliance {unknown}


   Skills:
 + Level 4.4 Fighting
 + Level 4.9 Long Blades
 + Level 2.6 Armour
 + Level 2.7 Dodging


You had 3 spell levels left.
You didn't know any spells.
Your spell library was empty.

Dungeon Overview and Level Annotations

Branches:
Dungeon (2/15)

Altars:

Annotations:
D:2 Robin


Innate Abilities, Weirdness & Mutations

You have a pair of horns on your head.
You reflexively headbutt those who attack you in melee.


Message History

Trog accepts your kill.
You feel very sick. The goblin hits you with a +0 club.
* * * LOW HITPOINT WARNING * * *
Robin roars a battlecry!
The hobgoblin goes into a battle-frenzy!
You closely miss the hobgoblin.
* * * LOW HITPOINT WARNING * * *
You feel very sick. The hobgoblin closely misses you. You furiously retaliate!
You headbutt the hobgoblin!
You kill the hobgoblin!
Trog accepts your kill. The goblin closely misses you.
You have reached level 4!
You feel stronger.
You closely miss the hobgoblin.
* * * LOW HITPOINT WARNING * * *
You feel sick.
* * * LOW HITPOINT WARNING * * *
You feel sick. The goblin hits you with a +0 dagger.
* * * LOW HITPOINT WARNING * * *
The rat bites you but does no damage. The goblin hits you but does no damage.
Robin says, "Bow before me, strongest of all the hobgoblins!"
Robin throws the goblin at you! The hobgoblin barely misses you.
Things that are here:
a +0 dagger; a goblin corpse You closely miss the rat.
You are no longer berserk.
You are exhausted.
You feel yourself slow down.
* * * LOW HITPOINT WARNING * * *
You feel sick. The goblin hits you but does no damage. The rat bites you.
* * * LOW HITPOINT WARNING * * *
The goblin hits you but does no damage. The goblin closely misses you.
You furiously retaliate!
You headbutt the goblin, but do no damage.
Robin barely misses you.
You closely miss Robin. You headbutt Robin, but do no damage.
You die...

#.. #...# #... #...
...#+#... #......#
#..g...# #...?.g# ###
#....gr+ ..#
#...)g@####.# ......
#....ggg..#.# #......
######g...#.# ......
#....#.# ... .
#....#.#######.# #
##............#.###
.....................
.....................
......................


You could see Robin, 3 hobgoblins, 4 goblins and a rat.

Vanquished Creatures
  Terence (D:2)
  An adder (D:2)
  A dart slug (D:1)
  4 endoplasms
  A giant cockroach (D:2)
  6 goblins
  3 hobgoblins
  A kobold (D:1)
  3 ball pythons (D:1)
  3 bats
  5 frilled lizards
  4 rats (D:1)
33 creatures vanquished.

Notes
Turn   | Place    | Note
-------+----------+-------------------------------------------
     0 | D:1      | boopmooplesden the Minotaur Berserker began the quest for
                  | the Orb.
     0 | D:1      | Reached XP level 1. HP: 19/19 MP: 0/0
   121 | D:1      | Reached XP level 2. HP: 26/27 MP: 1/1
   441 | D:1      | Reached ** piety under Trog
   455 | D:1      | Found a faded altar of an unknown god.
   859 | D:2      | Reached XP level 3. HP: 33/33 MP: 2/2
   859 | D:2      | Noticed Terence
   867 | D:2      | Killed Terence
   925 | D:2      | Noticed Robin
   936 | D:2      | Reached XP level 4. HP: 14/41 MP: 3/3
   939 | D:2      | Succumbed to a goblin's poison

Illustrated notes

Levels and vault maps discovered:
D:1:      pf_arrival_petrified_forest, layout_loops_ring,
          dreamdust_ecumenical_altar_angels_and_demons, minmay_pentomino_p2
D:2:      layout_basic, uniq_robin, uniq_terence

Skill      XL: |  1  2 |
---------------+-------+-----
Long Blades    | 4 |  4.9
Fighting       | 4 |  4.4
Armour         | |  2.6
Dodging        | |  2.7

Action                   |  1- 3 |  4- 6 || total
-------------------------+-------+-------++-------
Melee: Falchion          |    46 |     3 ||    49
       Headbutt          |     7 |     1 ||     8
       Punch             |     1 |       ||     1
Invok: Berserk           |     2 |       ||     2
Armor: Animal skin       |     6 |       ||     6
       Scale mail        |     6 |     5 ||    11
Dodge: Dodged            |    51 |     3 ||    54
